Oilers vs Blue Jackets
(R1)
Created - 19 avril 2015 at 22:31
Goals
|
| Oilers |
0 |
0 |
2 |
2 |
| Blue Jackets |
2 |
2 |
0 |
4 |
|
Shots
|
| Oilers |
11 |
5 |
15 |
31 |
| Blue Jackets |
14 |
8 |
8 |
30 |
|
1st period
1. Blue Jackets , Adam Deadmarsh 1 (Jeff Taffe, Dave Steckel) at 14:44
2. Blue Jackets , Ramzi Abid 2 (Wade Redden, Marc Savard) at 16:38
Penalties :
Rob Scuderi (Edm) for Tripping (Minor) at 6:12
2nd period
3. Blue Jackets , Marcus Nilson 1 (Kevin Bieksa) at 13:16
4. Blue Jackets , Wade Redden 2 (Ramzi Abid, Patric Hornqvist) at 16:47 (PP)
Penalties :
Ian White (Edm) for Hooking (Minor) at 0:19, Branislav Mezei (Clb) for Hooking (Minor) at 3:44, Adam Burish (Edm) for Hooking (Minor) at 9:58, Rob Scuderi (Edm) for Hooking (Minor) at 14:36, Ilya Kovalchuk (Edm) for Kneeing (Major) at 14:59, Ramzi Abid (Clb) for Hooking (Minor) at 17:34
3rd period
5. Oilers , Duncan Keith 1 (Adam Burish, Ilya Kovalchuk) at 4:31
6. Oilers , Ilya Kovalchuk 2 (Christian Ehrhoff, Ian White) at 15:08
Penalties :
Ramzi Abid (Clb) for Holding (Minor) at 6:46, Duncan Keith (Edm) for Tripping (Minor) at 9:27
Goalie Stats
Cam Ward (Edm), 17 saves from 21 shots - (0,810), L, 1-2-1, 36:47 minutes
Sebastien Caron (Edm), 9 saves from 9 shots - (1,000), 23:13 minutes
Rick DiPietro (Clb), 29 saves from 31 shots - (0,935), W, 3-1-0, 60:00 minutes
Players Stats for Oilers
Player Name G A P +/- PIM S H SB GA TA FO MP PP MP PK MP
------------------------------------------------------------------------------------
Adam Burish 0 1 1 2 2 2 3 0 0 0 0/0 14:19 1:44 0:00
Christian Ehrhoff 0 1 1 1 0 1 0 1 0 2 0/0 21:30 2:10 3:22
Duncan Keith 1 0 1 -1 2 2 3 3 0 1 0/0 22:12 1:48 4:13
Eric Nystrom 0 0 0 0 0 1 2 0 0 0 1/1 8:12 0:00 0:06
Ian White 0 1 1 1 2 1 0 0 0 1 0/0 24:48 1:48 4:46
Ilya Kovalchuk 1 1 2 2 5 6 3 1 1 0 1/2 18:38 1:52 4:14
Jonathan Toews 0 0 0 2 0 4 1 1 0 0 7/17 16:44 1:52 0:53
Lubos Bartecko 0 0 0 0 0 0 2 0 0 0 0/0 6:29 0:00 0:00
Olli Jokinen 0 0 0 -3 0 0 0 0 1 0 1/3 9:42 0:00 0:20
Patrick Kaleta 0 0 0 -3 0 1 0 1 0 0 0/0 9:09 0:04 0:00
Patrick Kane 0 0 0 0 0 3 0 1 1 0 1/2 17:10 2:06 0:00
Pavel Datsyuk 0 0 0 0 0 3 3 1 0 0 15/22 22:21 2:02 5:36
Peter Regin 0 0 0 0 0 1 2 0 0 0 2/4 11:18 0:12 4:30
Rob Scuderi 0 0 0 -1 4 3 0 2 0 1 0/0 20:53 0:00 3:37
Scott Niedermayer 0 0 0 -1 0 1 3 1 2 0 0/0 19:50 2:10 5:54
Steve Begin 0 0 0 -3 0 1 5 1 0 0 1/1 14:26 0:00 5:20
Steve Staios 0 0 0 -1 0 1 2 1 0 0 0/0 11:15 0:00 0:48
Tomas Fleischmann 0 0 0 0 0 0 0 0 0 0 0/0 16:04 2:02 0:00
Players Stats for Blue Jackets
Player Name G A P +/- PIM S H SB GA TA FO MP PP MP PK MP
------------------------------------------------------------------------------------
A.J Thelen 0 0 0 0 0 0 1 2 0 0 0/0 12:33 0:00 1:10
Adam Deadmarsh 1 0 1 1 0 1 0 0 0 0 0/0 7:30 0:00 0:00
Brad Stuart 0 0 0 0 0 3 1 0 1 0 0/0 18:17 4:27 0:00
Branislav Mezei 0 0 0 1 2 0 1 2 0 2 0/0 26:42 6:52 0:54
Chris Kelly 0 0 0 1 0 2 1 0 0 0 2/5 12:30 0:00 0:45
Dave Steckel 0 1 1 1 0 1 1 1 0 0 1/1 8:14 0:00 0:05
David Booth 0 0 0 -1 0 1 4 0 1 0 1/1 20:51 6:12 1:36
Jan Bulis 0 0 0 -1 0 0 1 1 0 0 6/18 17:54 5:07 0:17
Jason Ward 0 0 0 1 0 1 1 0 0 2 0/0 11:01 0:00 0:00
Jeff Taffe 0 1 1 1 0 1 1 1 0 0 0/1 9:31 0:00 1:36
Kevin Bieksa 0 1 1 0 0 0 1 2 1 1 0/0 21:00 4:27 1:54
Marc Savard 0 1 1 0 0 7 4 0 0 0 9/19 20:24 6:12 2:03
Marcus Nilson 1 0 1 1 0 1 1 0 0 0 0/1 13:08 0:00 0:31
Mike Commodore 0 0 0 0 0 0 0 0 0 0 0/0 13:50 0:24 2:04
Patric Hornqvist 0 1 1 -1 0 4 1 0 1 0 1/1 16:45 4:47 0:00
Pavel Bure 0 0 0 0 0 1 3 0 0 0 1/2 18:12 6:32 0:00
Ramzi Abid 1 1 2 0 4 5 1 1 1 0 2/3 17:54 5:06 1:03
Wade Redden 1 1 2 1 0 2 0 0 0 0 0/0 27:44 6:28 1:54
3 Stars
1 - Wade Redden (Clb)
2 - Ilya Kovalchuk (Edm)
3 - Marcus Nilson (Clb)
Power Play
Oilers - 0 on 3 Attempt(s) - 0,00%
Blue Jackets - 1 on 7 Attempt(s) - 14,29%
Penalty Kill
Oilers - 6 on 7 Attempt(s) - 85,71%
- Score 0 goal in Penalty Kill
Blue Jackets - 3 on 3 Attempt(s) - 100,00%
- Score 0 goal in Penalty Kill
Team Stat
Oilers - Hits : 29 - Faceoff Wins : 29 - Blocked Shots : 14 - Penalty Minutes : 15
Blue Jackets - Hits : 23 - Faceoff Wins : 23 - Blocked Shots : 10 - Penalty Minutes : 6
Official
Referees : Fraser Kerry and Ciamaga Chris
Linesman : Ryan Galloway and Brad Kovachik
Game Notes
Sebastien Caron enters game at 16:47 of 2nd period
Finance
Level 1 -- Attendance: 5517 (91,95%) -- Ticket Income 496 530 $
Level 2 -- Attendance: 4460 (89,20%) -- Ticket Income 245 300 $
Level 3 -- Attendance: 2000 (100,00%) -- Ticket Income 60 000 $
Level 4 -- Attendance: 4000 (100,00%) -- Ticket Income 80 000 $
Luxury Box -- Attendance: 876 (87,60%) -- Ticket Income 162 060 $
Game was played at the Ohio State Arena'
Total Attendance: 16853 (93,63%)
Total Ticket Income: 1 043 890 $
Other Income: 156 584 $
Total Income: 1 200 474 $
Oilers
5 vs 5 Forward
Center Left Wing Right Wing Time % Phy DF OF
1 Pavel Datsyuk Tomas Fleischmann Patrick Kane 40 0 2 3
2 Jonathan Toews Ilya Kovalchuk Adam Burish 37 1 2 2
3 Olli Jokinen Steve Begin Patrick Kaleta 15 1 2 2
4 Peter Regin Eric Nystrom Lubos Bartecko 8 2 2 1
5 vs 5 Defense
Defense Defense Time % Phy DF OF
1 Ian White Christian Ehrhoff 33 1 2 2
2 Duncan Keith Rob Scuderi 33 1 2 2
3 Scott Niedermayer Steve Staios 24 1 2 2
4 Ian White Scott Niedermayer 10 1 2 2
PowerPlay Forward
Center Left Wing Right Wing Time % Phy DF OF
1 Pavel Datsyuk Tomas Fleischmann Patrick Kane 50 1 1 3
2 Jonathan Toews Ilya Kovalchuk Adam Burish 50 1 1 3
PowerPlay Defense
Defense Defense Time % Phy DF OF
1 Ian White Duncan Keith 50 1 2 2
2 Christian Ehrhoff Scott Niedermayer 50 1 2 2
Penalty Kill 4 Players Forward
Center Wing Time % Phy DF OF
1 Pavel Datsyuk Steve Begin 50 1 3 1
2 Peter Regin Ilya Kovalchuk 50 1 3 1
Penalty Kill 4 Players Defense
Defense Defense Time % Phy DF OF
1 Ian White Scott Niedermayer 50 1 3 1
2 Duncan Keith Rob Scuderi 50 1 3 1
Penalty Kill - 3 Players Forward
Forward Time % Phy DF OF
1 Pavel Datsyuk 50 1 4 0
2 Jonathan Toews 50 1 4 0
Penalty Kill - 3 Players Defense
Defense Defense Time % Phy DF OF
1 Ian White Scott Niedermayer 50 1 4 0
2 Duncan Keith Rob Scuderi 50 1 4 0
4 vs 4 Forward
Center Wing Time % Phy DF OF
1 Pavel Datsyuk Patrick Kane 50 1 2 2
2 Jonathan Toews Ilya Kovalchuk 50 1 2 2
4 vs 4 Defense
Defense Defense Time % Phy DF OF
1 Ian White Scott Niedermayer 50 1 2 2
2 Duncan Keith Rob Scuderi 50 1 2 2
Last Minutes Offensive
Center Left Wing Right Wing Defense Defense
Pavel Datsyuk Ilya Kovalchuk Patrick Kane Ian White Scott Niedermayer
Last Minutes Defensive
Center Left Wing Right Wing Defense Defense
Pavel Datsyuk Ilya Kovalchuk Patrick Kane Ian White Rob Scuderi
Goaltenders
Starting : Cam Ward
Backup : Sebastien Caron
Extra Forwards
Normal : Ilya Kovalchuk, Pavel Datsyuk, Patrick Kane - PP : Peter Regin, Patrick Kaleta - PK : Steve Begin
Extra Defensemen
Normal : Duncan Keith, Steve Staios, Ian White - PP : Steve Staios - PK : Christian Ehrhoff, Steve Staios
Penalty Shots
Ilya Kovalchuk, Patrick Kane, Pavel Datsyuk, Jonathan Toews, Olli Jokinen
Blue Jackets
5 vs 5 Forward
Center Left Wing Right Wing Time % Phy DF OF
1 Jan Bulis David Booth Patric Hornqvist 35 1 2 2
2 Marc Savard Ramzi Abid Pavel Bure 35 1 2 2
3 Chris Kelly Marcus Nilson Jason Ward 20 1 2 2
4 Dave Steckel Jeff Taffe Adam Deadmarsh 10 1 2 2
5 vs 5 Defense
Defense Defense Time % Phy DF OF
1 Branislav Mezei Wade Redden 40 1 2 2
2 Kevin Bieksa Brad Stuart 30 1 2 2
3 Mike Commodore A.J Thelen 20 1 2 2
4 Branislav Mezei Wade Redden 10 1 2 2
PowerPlay Forward
Center Left Wing Right Wing Time % Phy DF OF
1 Marc Savard David Booth Pavel Bure 60 1 2 2
2 Jan Bulis Ramzi Abid Patric Hornqvist 40 1 2 2
PowerPlay Defense
Defense Defense Time % Phy DF OF
1 Branislav Mezei Wade Redden 60 1 2 2
2 Kevin Bieksa Brad Stuart 40 1 2 2
Penalty Kill 4 Players Forward
Center Wing Time % Phy DF OF
1 Marc Savard Ramzi Abid 60 1 2 2
2 Jan Bulis David Booth 40 1 2 2
Penalty Kill 4 Players Defense
Defense Defense Time % Phy DF OF
1 Mike Commodore Branislav Mezei 60 1 2 2
2 Kevin Bieksa Wade Redden 40 1 2 2
Penalty Kill - 3 Players Forward
Forward Time % Phy DF OF
1 Jan Bulis 60 1 2 2
2 Marc Savard 40 1 2 2
Penalty Kill - 3 Players Defense
Defense Defense Time % Phy DF OF
1 Mike Commodore Branislav Mezei 60 1 2 2
2 Kevin Bieksa Wade Redden 40 1 2 2
4 vs 4 Forward
Center Wing Time % Phy DF OF
1 Marc Savard David Booth 60 1 2 2
2 Pavel Bure Jan Bulis 40 1 2 2
4 vs 4 Defense
Defense Defense Time % Phy DF OF
1 Branislav Mezei Wade Redden 60 1 2 2
2 Kevin Bieksa Brad Stuart 40 1 2 2
Last Minutes Offensive
Center Left Wing Right Wing Defense Defense
Marc Savard David Booth Pavel Bure Branislav Mezei Wade Redden
Last Minutes Defensive
Center Left Wing Right Wing Defense Defense
Marc Savard David Booth Pavel Bure Branislav Mezei Wade Redden
Goaltenders
Starting : Rick DiPietro
Backup : Mathieu Garon
Extra Forwards
Normal : Marcus Nilson, Chris Kelly, Jeff Taffe - PP : Marcus Nilson, Chris Kelly - PK : Jeff Taffe
Extra Defensemen
Normal : Mike Commodore, A.J Thelen, Kevin Bieksa - PP : Mike Commodore - PK : A.J Thelen, Kevin Bieksa
Penalty Shots
Marc Savard, David Booth, Pavel Bure, Jan Bulis, Patric Hornqvist
% Time on Ice - Oilers
Lines # - Real PCT - Wanted PCT - Time Play
Normal Forward
1 - 35% - 40% - 14:52
2 - 29% - 37% - 12:22
3 - 21% - 15% - 9:01
4 - 15% - 8% - 6:29
Normal Defense
1 - 36% - 33% - 15:33
2 - 37% - 33% - 15:46
3 - 22% - 24% - 9:34
4 - 4% - 10% - 1:51
PP Forward
1 - 53% - 50% - 2:06
2 - 47% - 50% - 1:52
PP Defense
1 - 45% - 50% - 1:48
2 - 55% - 50% - 2:10
PK Forward
1 - 50% - 50% - 4:53
2 - 50% - 50% - 4:50
PK Defense
1 - 52% - 50% - 5:02
2 - 48% - 50% - 4:41
PK3 Forward
1 - 51% - 50% - 0:49
2 - 49% - 50% - 0:47
PK3 Defense
1 - 54% - 50% - 0:52
2 - 46% - 50% - 0:44
44 Forward
1 - 29% - 50% - 0:35
2 - 71% - 50% - 1:24
44 Defense
1 - 43% - 50% - 0:51
2 - 57% - 50% - 1:08
Last Minute Offensive - 0:00
Last Minute Defensive - 0:00
Total
Forward - 60:00
Defense - 60:00
|
% Time on Ice - Blue Jackets
Lines # - Real PCT - Wanted PCT - Time Play
Normal Forward
1 - 31% - 35% - 13:12
2 - 26% - 35% - 11:04
3 - 26% - 20% - 11:01
4 - 17% - 10% - 7:27
Normal Defense
1 - 40% - 40% - 17:14
2 - 31% - 30% - 13:07
3 - 26% - 20% - 11:14
4 - 3% - 10% - 1:09
PP Forward
1 - 55% - 60% - 6:12
2 - 45% - 40% - 5:07
PP Defense
1 - 61% - 60% - 6:52
2 - 39% - 40% - 4:27
PK Forward
1 - 93% - 60% - 3:41
2 - 7% - 40% - 0:17
PK Defense
1 - 52% - 60% - 2:04
2 - 48% - 40% - 1:54
PK3 Forward
1 - 0% - 60%
2 - 0% - 40%
PK3 Defense
1 - 0% - 60%
2 - 0% - 40%
44 Forward
1 - 73% - 60% - 1:27
2 - 27% - 40% - 0:32
44 Defense
1 - 23% - 60% - 0:27
2 - 77% - 40% - 1:32
Last Minute Offensive - 0:00
Last Minute Defensive - 0:00
Total
Forward - 60:00
Defense - 60:00
|
Play by Play
1st period
0:01 of 1st period - Pavel Datsyuk wins face-off versus Jan Bulis in neutral zone.
0:35 of 1st period - Wrist shot by Jonathan Toews.
0:35 of 1st period - Stopped by Rick DiPietro with a rebound.
1:49 of 1st period - Marc Savard is hit by Ilya Kovalchuk and loses puck.
1:56 of 1st period - Snap shot by Jonathan Toews.
1:56 of 1st period - Shot Misses the Net.
1:58 of 1st period - Slapshot by Duncan Keith.
1:58 of 1st period - Shot Blocked by Ramzi Abid.
2:10 of 1st period - Snap shot by Jason Ward.
2:10 of 1st period - Shot Blocked by Steve Staios.
2:28 of 1st period - Wade Redden is hit by Eric Nystrom and loses puck.
2:41 of 1st period - Snap shot by Eric Nystrom.
2:41 of 1st period - Stopped by Rick DiPietro with a rebound.
4:23 of 1st period - Christian Ehrhoff is hit by Jeff Taffe and loses puck.
4:32 of 1st period - Wrist shot by Pavel Datsyuk.
4:32 of 1st period - Stopped by Rick DiPietro with a rebound.
4:34 of 1st period - Slapshot by Steve Staios.
4:34 of 1st period - Deflect By Patrick Kane.
4:34 of 1st period - Shot Blocked by Dave Steckel.
4:34 of 1st period - Puck is out of play.
4:35 of 1st period - Marc Savard wins face-off versus Jonathan Toews in Blue Jackets zone.
4:35 of 1st period - Marc Savard is hit by Adam Burish.
4:47 of 1st period - Wrist shot by Jonathan Toews.
4:47 of 1st period - Stopped by Rick DiPietro with a rebound.
4:49 of 1st period - Slapshot by Rob Scuderi.
4:49 of 1st period - Deflect By Mike Commodore.
4:49 of 1st period - Stopped by Rick DiPietro with a rebound.
5:01 of 1st period - Ramzi Abid is hit by Duncan Keith and loses puck.
5:10 of 1st period - Snap shot by Patrick Kaleta.
5:10 of 1st period - Stopped by Rick DiPietro without a rebound.
5:11 of 1st period - Jonathan Toews wins face-off versus Jan Bulis in Blue Jackets zone.
5:12 of 1st period - Wrist shot by Ilya Kovalchuk.
5:12 of 1st period - Shot Misses the Net.
5:16 of 1st period - Wrist shot by Ilya Kovalchuk.
5:16 of 1st period - Shot Misses the Net.
5:18 of 1st period - Wrist shot by Scott Niedermayer.
5:18 of 1st period - Stopped by Rick DiPietro with a rebound.
5:20 of 1st period - Backhand shot by Jonathan Toews.
5:20 of 1st period - Deflect By Jan Bulis.
5:20 of 1st period - Shot Blocked by Jan Bulis.
5:20 of 1st period - Puck is out of play.
5:21 of 1st period - Jonathan Toews wins face-off versus Jan Bulis in Blue Jackets zone.
5:34 of 1st period - Snap shot by Ilya Kovalchuk.
5:34 of 1st period - Shot Misses the Net.
5:36 of 1st period - Wrist shot by Ilya Kovalchuk.
5:36 of 1st period - Stopped by Rick DiPietro without a rebound.
5:37 of 1st period - Marc Savard wins face-off versus Pavel Datsyuk in Blue Jackets zone.
6:12 of 1st period - Minor Penalty to Rob Scuderi for Tripping.
6:13 of 1st period - Pavel Datsyuk wins face-off versus Marc Savard in Oilers zone.
6:38 of 1st period - Ian White is hit by Ramzi Abid and loses puck.
6:49 of 1st period - Slapshot by Patric Hornqvist.
6:49 of 1st period - Stopped by Cam Ward with a rebound.
6:51 of 1st period - Slapshot by Brad Stuart.
6:51 of 1st period - Stopped by Cam Ward with a rebound.
7:51 of 1st period - Ramzi Abid is hit by Steve Staios and loses puck.
8:06 of 1st period - Marc Savard is hit by Steve Begin and loses puck.
8:12 of 1st period - Penalty to Rob Scuderi is over, Rob Scuderi is back on ice.
10:01 of 1st period - Wrist shot by Dave Steckel.
10:01 of 1st period - Shot Misses the Net.
10:03 of 1st period - Snap shot by Dave Steckel.
10:03 of 1st period - Shot Misses the Net.
10:33 of 1st period - Christian Ehrhoff is hit by Kevin Bieksa and loses puck.
10:44 of 1st period - Wrist shot by Marc Savard.
10:44 of 1st period - Shot Blocked by Pavel Datsyuk.
10:53 of 1st period - Icing by Ramzi Abid.
10:54 of 1st period - Jonathan Toews wins face-off versus Marc Savard in Blue Jackets zone.
11:01 of 1st period - Snap shot by Ilya Kovalchuk.
11:01 of 1st period - Shot Misses the Net.
11:05 of 1st period - Wrist shot by Ilya Kovalchuk.
11:05 of 1st period - Shot Blocked by A.J Thelen.
11:27 of 1st period - Wrist shot by Jason Ward.
11:27 of 1st period - Shot Misses the Net.
11:37 of 1st period - Duncan Keith is hit by Branislav Mezei and loses puck.
12:08 of 1st period - Pavel Datsyuk is hit by David Booth and loses puck.
13:01 of 1st period - Brad Stuart is hit by Steve Begin and loses puck.
13:08 of 1st period - Wrist shot by Jeff Taffe.
13:08 of 1st period - Shot Misses the Net.
13:34 of 1st period - Snap shot by Patrick Kane.
13:34 of 1st period - Stopped by Rick DiPietro with a rebound.
13:36 of 1st period - Slapshot by Ian White.
13:36 of 1st period - Deflect By David Booth.
13:36 of 1st period - Stopped by Rick DiPietro without a rebound.
13:37 of 1st period - Marc Savard wins face-off versus Jonathan Toews in Blue Jackets zone.
13:50 of 1st period - Snap shot by Ramzi Abid.
13:50 of 1st period - Deflect By Marc Savard.
13:50 of 1st period - Stopped by Cam Ward with a rebound.
14:02 of 1st period - Tomas Fleischmann is hit by David Booth and loses puck.
14:11 of 1st period - Snap shot by Patrick Kane.
14:11 of 1st period - Shot Misses the Net.
14:23 of 1st period - Slapshot by Jason Ward.
14:23 of 1st period - Stopped by Cam Ward with a rebound.
14:29 of 1st period - Branislav Mezei is hit by Peter Regin and loses puck.
14:42 of 1st period - Backhand shot by Jeff Taffe.
14:42 of 1st period - Stopped by Cam Ward with a rebound.
14:44 of 1st period - Snap shot by Adam Deadmarsh.
14:44 of 1st period - Goal by Adam Deadmarsh - Oilers : 0 - Blue Jackets : 1.
14:45 of 1st period - Ramzi Abid wins face-off versus Jonathan Toews in neutral zone.
14:48 of 1st period - Wrist shot by Marc Savard.
14:48 of 1st period - Stopped by Cam Ward with a rebound.
14:50 of 1st period - Wrist shot by Pavel Bure.
14:50 of 1st period - Stopped by Cam Ward with a rebound.
14:52 of 1st period - Wrist shot by Kevin Bieksa.
14:52 of 1st period - Shot Blocked by Ilya Kovalchuk.
14:54 of 1st period - Snap shot by Pavel Bure.
14:54 of 1st period - Shot Blocked by Jonathan Toews.
14:56 of 1st period - Backhand shot by Brad Stuart.
14:56 of 1st period - Stopped by Cam Ward without a rebound.
14:57 of 1st period - Marc Savard wins face-off versus Jonathan Toews in Oilers zone.
15:00 of 1st period - Snap shot by Ramzi Abid.
15:00 of 1st period - Stopped by Cam Ward without a rebound.
15:01 of 1st period - Jonathan Toews wins face-off versus Marc Savard in Oilers zone.
15:46 of 1st period - Ian White is hit by Dave Steckel and loses puck.
16:31 of 1st period - Wade Redden is hit by Steve Begin and loses puck.
16:36 of 1st period - Wrist shot by Marc Savard.
16:36 of 1st period - Stopped by Cam Ward with a rebound.
16:38 of 1st period - Snap shot by Wade Redden.
16:38 of 1st period - Deflect By Ramzi Abid.
16:38 of 1st period - Goal by Ramzi Abid - Oilers : 0 - Blue Jackets : 2.
16:39 of 1st period - Jan Bulis wins face-off versus Jonathan Toews in neutral zone.
17:05 of 1st period - Kevin Bieksa is hit by Pavel Datsyuk and loses puck.
17:52 of 1st period - Slapshot by Peter Regin.
17:52 of 1st period - Shot Blocked by Jeff Taffe.
17:57 of 1st period - Off-side.
17:58 of 1st period - Jan Bulis wins face-off versus Pavel Datsyuk in neutral zone.
18:09 of 1st period - Snap shot by Patric Hornqvist.
18:09 of 1st period - Shot Misses the Net.
18:11 of 1st period - Snap shot by Patric Hornqvist.
18:11 of 1st period - Stopped by Cam Ward without a rebound.
18:12 of 1st period - Jonathan Toews wins face-off versus Marc Savard in Oilers zone.
18:12 of 1st period - Jonathan Toews is hit by Pavel Bure.
18:22 of 1st period - Slapshot by Jonathan Toews.
18:22 of 1st period - Stopped by Rick DiPietro with a rebound.
19:04 of 1st period - Slapshot by Brad Stuart.
19:04 of 1st period - Deflect By Adam Deadmarsh.
19:04 of 1st period - Shot Misses the Net.
19:04 of 1st period - Puck is out of play.
19:05 of 1st period - Dave Steckel wins face-off versus Olli Jokinen in Oilers zone.
19:12 of 1st period - Slapshot by Dave Steckel.
19:12 of 1st period - Stopped by Cam Ward without a rebound.
19:13 of 1st period - Jan Bulis wins face-off versus Ilya Kovalchuk in Oilers zone.
19:13 of 1st period - Jan Bulis is hit by Adam Burish.
19:15 of 1st period - Snap shot by David Booth.
19:15 of 1st period - Shot Misses the Net.
19:23 of 1st period - Brad Stuart is hit by Adam Burish.
Goals for this period are 0 for Oilers vs 2 for Blue Jackets.
Shots for this period are 11 for Oilers vs 14 for Blue Jackets.
2nd period
0:01 of 2nd period - Pavel Datsyuk wins face-off versus Jan Bulis in neutral zone.
0:19 of 2nd period - Minor Penalty to Ian White for Hooking.
0:20 of 2nd period - Marc Savard wins face-off versus Peter Regin in Oilers zone.
2:19 of 2nd period - Penalty to Ian White is over, Ian White is back on ice.
2:56 of 2nd period - Slapshot by Peter Regin.
2:56 of 2nd period - Stopped by Rick DiPietro with a rebound.
3:15 of 2nd period - Wrist shot by Chris Kelly.
3:15 of 2nd period - Shot Blocked by Steve Begin.
3:41 of 2nd period - Snap shot by Patrick Kane.
3:41 of 2nd period - Deflect By Ilya Kovalchuk.
3:41 of 2nd period - Stopped by Rick DiPietro without a rebound.
3:42 of 2nd period - Marc Savard wins face-off versus Jonathan Toews in Blue Jackets zone.
3:44 of 2nd period - Minor Penalty to Branislav Mezei for Hooking.
3:45 of 2nd period - Marc Savard wins face-off versus Pavel Datsyuk in Blue Jackets zone.
5:43 of 2nd period - Marcus Nilson is hit by Duncan Keith and loses puck.
5:44 of 2nd period - Penalty to Branislav Mezei is over, Branislav Mezei is back on ice.
5:56 of 2nd period - Wrist shot by Wade Redden.
5:56 of 2nd period - Shot Blocked by Scott Niedermayer.
5:58 of 2nd period - Slapshot by Wade Redden.
5:58 of 2nd period - Shot Misses the Net.
6:00 of 2nd period - Slapshot by Kevin Bieksa.
6:00 of 2nd period - Shot Misses the Net.
6:32 of 2nd period - Dave Steckel is hit by Steve Begin and loses puck.
6:53 of 2nd period - Ian White is hit by Marc Savard and loses puck.
7:12 of 2nd period - Chris Kelly is hit by Lubos Bartecko and loses puck.
8:51 of 2nd period - Peter Regin is hit by Brad Stuart and loses puck.
9:09 of 2nd period - A.J Thelen is hit by Pavel Datsyuk and loses puck.
9:20 of 2nd period - Marc Savard is hit by Duncan Keith and loses puck.
9:37 of 2nd period - Marcus Nilson is hit by Jonathan Toews and loses puck.
9:58 of 2nd period - Minor Penalty to Adam Burish for Hooking.
9:59 of 2nd period - Pavel Datsyuk wins face-off versus Marc Savard in Oilers zone.
10:10 of 2nd period - Peter Regin is hit by David Booth and loses puck.
10:15 of 2nd period - Snap shot by Marc Savard.
10:15 of 2nd period - Shot Blocked by Rob Scuderi.
10:35 of 2nd period - Snap shot by Ramzi Abid.
10:35 of 2nd period - Stopped by Cam Ward with a rebound.
10:47 of 2nd period - Snap shot by Ilya Kovalchuk.
10:47 of 2nd period - Stopped by Rick DiPietro without a rebound.
10:48 of 2nd period - Peter Regin wins face-off versus Marc Savard in Blue Jackets zone.
11:12 of 2nd period - Jan Bulis is hit by Pavel Datsyuk and loses puck.
11:19 of 2nd period - Slapshot by Brad Stuart.
11:19 of 2nd period - Stopped by Cam Ward without a rebound.
11:20 of 2nd period - Jan Bulis wins face-off versus Pavel Datsyuk in Oilers zone.
11:58 of 2nd period - Penalty to Adam Burish is over, Adam Burish is back on ice.
12:05 of 2nd period - Off-side.
12:06 of 2nd period - Pavel Datsyuk wins face-off versus Marcus Nilson in neutral zone.
12:15 of 2nd period - Snap shot by Chris Kelly.
12:15 of 2nd period - Stopped by Cam Ward with a rebound.
12:31 of 2nd period - Ramzi Abid is hit by Ilya Kovalchuk and loses puck.
12:36 of 2nd period - Snap shot by Ilya Kovalchuk.
12:36 of 2nd period - Stopped by Rick DiPietro with a rebound.
12:42 of 2nd period - Snap shot by Ilya Kovalchuk.
12:42 of 2nd period - Shot Blocked by Branislav Mezei.
12:56 of 2nd period - Jan Bulis is hit by Scott Niedermayer and loses puck.
13:05 of 2nd period - Olli Jokinen is hit by Jan Bulis and loses puck.
13:16 of 2nd period - Wrist shot by Marcus Nilson.
13:16 of 2nd period - Goal by Marcus Nilson - Oilers : 0 - Blue Jackets : 3.
13:17 of 2nd period - Pavel Datsyuk wins face-off versus Ramzi Abid in neutral zone.
13:46 of 2nd period - Off-side.
13:47 of 2nd period - Chris Kelly wins face-off versus Jonathan Toews in neutral zone.
14:16 of 2nd period - Pavel Bure is hit by Steve Begin and loses puck.
14:36 of 2nd period - Minor Penalty to Rob Scuderi for Hooking.
14:37 of 2nd period - Peter Regin wins face-off versus Pavel Bure in Oilers zone.
14:59 of 2nd period - Major Penalty to Ilya Kovalchuk for Kneeing.
15:00 of 2nd period - Pavel Datsyuk wins face-off versus Marc Savard in Oilers zone.
15:00 of 2nd period - Pavel Datsyuk is hit by Pavel Bure.
15:53 of 2nd period - Wrist shot by Marc Savard.
15:53 of 2nd period - Stopped by Cam Ward without a rebound.
15:54 of 2nd period - Marc Savard wins face-off versus Jonathan Toews in Oilers zone.
16:05 of 2nd period - Ian White is hit by Marc Savard and loses puck.
16:18 of 2nd period - Jonathan Toews is hit by David Booth and loses puck.
16:33 of 2nd period - Slapshot by Brad Stuart.
16:33 of 2nd period - Shot Misses the Net.
16:35 of 2nd period - Slapshot by Ramzi Abid.
16:35 of 2nd period - Shot Blocked by Duncan Keith.
16:36 of 2nd period - Penalty to Rob Scuderi is over, Rob Scuderi is back on ice.
16:37 of 2nd period - Snap shot by Patric Hornqvist.
16:37 of 2nd period - Stopped by Cam Ward without a rebound.
16:38 of 2nd period - Jan Bulis wins face-off versus Peter Regin in Oilers zone.
16:45 of 2nd period - Wrist shot by Ramzi Abid.
16:45 of 2nd period - Shot Misses the Net.
16:47 of 2nd period - Slapshot by Wade Redden.
16:47 of 2nd period - Goal by Wade Redden - Oilers : 0 - Blue Jackets : 4.
16:47 of 2nd period - Sebastien Caron enters game.
16:48 of 2nd period - Pavel Bure wins face-off versus Pavel Datsyuk in neutral zone.
17:08 of 2nd period - Scott Niedermayer is hit by Pavel Bure and loses puck.
17:34 of 2nd period - Minor Penalty to Ramzi Abid for Hooking.
17:35 of 2nd period - Marc Savard wins face-off versus Jonathan Toews in Blue Jackets zone.
17:49 of 2nd period - Wrist shot by David Booth.
17:49 of 2nd period - Shot Blocked by Duncan Keith.
19:34 of 2nd period - Penalty to Ramzi Abid is over, Ramzi Abid is back on ice.
19:38 of 2nd period - Branislav Mezei is hit by Scott Niedermayer and loses puck.
19:53 of 2nd period - Wrist shot by Ramzi Abid.
19:53 of 2nd period - Stopped by Sebastien Caron without a rebound.
19:54 of 2nd period - Steve Begin wins face-off versus Jan Bulis in Oilers zone.
19:59 of 2nd period - Penalty to Ilya Kovalchuk is over, Ilya Kovalchuk is back on ice.
19:59 of 2nd period - Slapshot by Duncan Keith.
19:59 of 2nd period - Stopped by Rick DiPietro with a rebound.
Goals for this period are 0 for Oilers vs 2 for Blue Jackets.
Shots for this period are 5 for Oilers vs 8 for Blue Jackets.
3rd period
0:01 of 3rd period - Pavel Datsyuk wins face-off versus Jan Bulis in neutral zone.
0:26 of 3rd period - Wrist shot by Marc Savard.
0:26 of 3rd period - Shot Misses the Net.
0:36 of 3rd period - Snap shot by Ilya Kovalchuk.
0:36 of 3rd period - Shot Blocked by Kevin Bieksa.
1:15 of 3rd period - A.J Thelen is hit by Lubos Bartecko and loses puck.
1:50 of 3rd period - Jan Bulis is hit by Scott Niedermayer and loses puck.
1:57 of 3rd period - Wrist shot by Ilya Kovalchuk.
1:57 of 3rd period - Shot Misses the Net.
1:59 of 3rd period - Wrist shot by Steve Staios.
1:59 of 3rd period - Stopped by Rick DiPietro with a rebound.
2:30 of 3rd period - Branislav Mezei is hit by Peter Regin and loses puck.
3:30 of 3rd period - Christian Ehrhoff is hit by Marcus Nilson and loses puck.
4:25 of 3rd period - Wrist shot by Jonathan Toews.
4:25 of 3rd period - Stopped by Rick DiPietro without a rebound.
4:26 of 3rd period - Jonathan Toews wins face-off versus Marc Savard in Blue Jackets zone.
4:29 of 3rd period - Snap shot by Adam Burish.
4:29 of 3rd period - Stopped by Rick DiPietro with a rebound.
4:31 of 3rd period - Slapshot by Duncan Keith.
4:31 of 3rd period - Goal by Duncan Keith - Oilers : 1 - Blue Jackets : 4.
4:32 of 3rd period - David Booth wins face-off versus Pavel Datsyuk in neutral zone.
4:47 of 3rd period - Wrist shot by Patric Hornqvist.
4:47 of 3rd period - Shot Blocked by Rob Scuderi.
5:55 of 3rd period - Slapshot by Ilya Kovalchuk.
5:55 of 3rd period - Shot Blocked by A.J Thelen.
5:57 of 3rd period - Wrist shot by Rob Scuderi.
5:57 of 3rd period - Stopped by Rick DiPietro with a rebound.
5:59 of 3rd period - Wrist shot by Adam Burish.
5:59 of 3rd period - Stopped by Rick DiPietro with a rebound.
6:01 of 3rd period - Slapshot by Rob Scuderi.
6:01 of 3rd period - Stopped by Rick DiPietro without a rebound.
6:02 of 3rd period - Pavel Datsyuk wins face-off versus Jan Bulis in Blue Jackets zone.
6:11 of 3rd period - Patrick Kane is hit by Patric Hornqvist and loses puck.
6:27 of 3rd period - Steve Staios is hit by Marc Savard and loses puck.
6:31 of 3rd period - Steve Staios is hit by Marc Savard and loses puck.
6:46 of 3rd period - Minor Penalty to Ramzi Abid for Holding.
6:47 of 3rd period - Pavel Datsyuk wins face-off versus Jeff Taffe in Blue Jackets zone.
8:46 of 3rd period - Penalty to Ramzi Abid is over, Ramzi Abid is back on ice.
9:07 of 3rd period - Wrist shot by Marcus Nilson.
9:07 of 3rd period - Shot Blocked by Patrick Kaleta.
9:27 of 3rd period - Minor Penalty to Duncan Keith for Tripping.
9:28 of 3rd period - Pavel Datsyuk wins face-off versus Marc Savard in Oilers zone.
10:15 of 3rd period - Wrist shot by Marc Savard.
10:15 of 3rd period - Stopped by Sebastien Caron with a rebound.
10:17 of 3rd period - Slapshot by Branislav Mezei.
10:17 of 3rd period - Shot Blocked by Christian Ehrhoff.
10:19 of 3rd period - Wrist shot by David Booth.
10:19 of 3rd period - Shot Misses the Net.
10:21 of 3rd period - Backhand shot by Wade Redden.
10:21 of 3rd period - Stopped by Sebastien Caron without a rebound.
10:22 of 3rd period - Ilya Kovalchuk wins face-off versus Jan Bulis in Oilers zone.
11:27 of 3rd period - Penalty to Duncan Keith is over, Duncan Keith is back on ice.
12:03 of 3rd period - A.J Thelen is hit by Eric Nystrom and loses puck.
12:12 of 3rd period - Peter Regin is hit by Jason Ward and loses puck.
13:31 of 3rd period - Snap shot by Marc Savard.
13:31 of 3rd period - Stopped by Sebastien Caron with a rebound.
13:47 of 3rd period - Snap shot by Adam Deadmarsh.
13:47 of 3rd period - Shot Misses the Net.
13:57 of 3rd period - Wrist shot by Patrick Kaleta.
13:57 of 3rd period - Deflect By Olli Jokinen.
13:57 of 3rd period - Shot Misses the Net.
13:57 of 3rd period - Puck is out of play.
13:58 of 3rd period - Olli Jokinen wins face-off versus Chris Kelly in Blue Jackets zone.
14:03 of 3rd period - Wrist shot by Steve Begin.
14:03 of 3rd period - Stopped by Rick DiPietro with a rebound.
14:19 of 3rd period - Slapshot by Marc Savard.
14:19 of 3rd period - Shot Blocked by Duncan Keith.
14:21 of 3rd period - Snap shot by Marc Savard.
14:21 of 3rd period - Stopped by Sebastien Caron without a rebound.
14:22 of 3rd period - Pavel Datsyuk wins face-off versus Marc Savard in Oilers zone.
14:42 of 3rd period - Snap shot by Patrick Kane.
14:42 of 3rd period - Stopped by Rick DiPietro with a rebound.
14:44 of 3rd period - Slapshot by Pavel Datsyuk.
14:44 of 3rd period - Shot Blocked by Branislav Mezei.
14:54 of 3rd period - Slapshot by Ramzi Abid.
14:54 of 3rd period - Stopped by Sebastien Caron without a rebound.
14:55 of 3rd period - Patric Hornqvist wins face-off versus Jonathan Toews in Oilers zone.
15:06 of 3rd period - Snap shot by Christian Ehrhoff.
15:06 of 3rd period - Shot Blocked by Kevin Bieksa.
15:08 of 3rd period - Snap shot by Christian Ehrhoff.
15:08 of 3rd period - Deflect By Ilya Kovalchuk.
15:08 of 3rd period - Goal by Ilya Kovalchuk - Oilers : 2 - Blue Jackets : 4.
15:09 of 3rd period - Pavel Datsyuk wins face-off versus Jan Bulis in neutral zone.
15:14 of 3rd period - Slapshot by Christian Ehrhoff.
15:14 of 3rd period - Stopped by Rick DiPietro with a rebound.
15:16 of 3rd period - Slapshot by Pavel Datsyuk.
15:16 of 3rd period - Stopped by Rick DiPietro with a rebound.
15:18 of 3rd period - Slapshot by Ian White.
15:18 of 3rd period - Deflect By Patrick Kane.
15:18 of 3rd period - Stopped by Rick DiPietro without a rebound.
15:19 of 3rd period - Patrick Kane wins face-off versus Jan Bulis in Blue Jackets zone.
15:20 of 3rd period - Snap shot by Pavel Datsyuk.
15:20 of 3rd period - Stopped by Rick DiPietro without a rebound.
15:21 of 3rd period - Jan Bulis wins face-off versus Patrick Kane in Blue Jackets zone.
15:32 of 3rd period - Snap shot by Patric Hornqvist.
15:32 of 3rd period - Stopped by Sebastien Caron without a rebound.
15:33 of 3rd period - Pavel Datsyuk wins face-off versus Jan Bulis in Oilers zone.
15:46 of 3rd period - Slapshot by David Booth.
15:46 of 3rd period - Stopped by Sebastien Caron without a rebound.
15:47 of 3rd period - Chris Kelly wins face-off versus Pavel Datsyuk in Oilers zone.
15:52 of 3rd period - Wrist shot by Marcus Nilson.
15:52 of 3rd period - Shot Blocked by Patrick Kane.
15:54 of 3rd period - Slapshot by Branislav Mezei.
15:54 of 3rd period - Shot Misses the Net.
16:12 of 3rd period - Branislav Mezei is hit by Ilya Kovalchuk and loses puck.
16:38 of 3rd period - Slapshot by Brad Stuart.
16:38 of 3rd period - Shot Misses the Net.
16:40 of 3rd period - Snap shot by Pavel Bure.
16:40 of 3rd period - Shot Hit the Post.
16:54 of 3rd period - Snap shot by Peter Regin.
16:54 of 3rd period - Shot Misses the Net.
17:07 of 3rd period - Icing by Christian Ehrhoff.
17:08 of 3rd period - Eric Nystrom wins face-off versus Chris Kelly in Oilers zone.
17:08 of 3rd period - Eric Nystrom is hit by A.J Thelen.
17:15 of 3rd period - Icing by Pavel Datsyuk.
17:16 of 3rd period - Pavel Datsyuk wins face-off versus Chris Kelly in Oilers zone.
17:16 of 3rd period - Pavel Datsyuk is hit by Chris Kelly.
17:33 of 3rd period - Off-side.
17:34 of 3rd period - Jonathan Toews wins face-off versus Jan Bulis in neutral zone.
17:37 of 3rd period - David Booth is hit by Steve Staios and loses puck.
17:42 of 3rd period - Snap shot by Ilya Kovalchuk.
17:42 of 3rd period - Stopped by Rick DiPietro with a rebound.
17:48 of 3rd period - Snap shot by Ilya Kovalchuk.
17:48 of 3rd period - Shot Misses the Net.
18:11 of 3rd period - Slapshot by Chris Kelly.
18:11 of 3rd period - Stopped by Sebastien Caron without a rebound.
18:12 of 3rd period - Ramzi Abid wins face-off versus Olli Jokinen in Oilers zone.
Goals for this period are 2 for Oilers vs 0 for Blue Jackets.
Shots for this period are 15 for Oilers vs 8 for Blue Jackets.
Output by the SimonT Hockey Simulator (STHS) for François Prévost -- Original Page W3C XHTML 1.0 Valid